 Dungeon Crawl Stone Soup version 0.16-a0-119-gc74d62a (webtiles) character file.

63 Ololoev the Chucker (level 4, -1/44 HPs)
             Began as an Ogre Hunter on Aug 12, 2014.
             Slain by a gnoll
             ... wielding a +1 spear of chaos
              (10 damage)
             ... on Level 2 of the Dungeon.
             The game lasted 00:04:19 (2322 turns).

Ololoev the Chucker (Ogre Hunter)                   Turns: 2322, Time: 00:04:20

HP  -1/44        AC  3     Str 18      XL: 4   Next: 10%
MP   4/4         EV 15     Int 10      God:
Gold 89          SH  0     Dex 15      Spells:  0 memorised,  3 levels left

rFire  . . .     SeeInvis .     p - +0 whip
rCold  . . .     Clarity  .     d - +0 animal skin
rNeg   . . .     rCorr    .     (shield restricted)
rPois  +         rRot     .     (helmet restricted)
rElec  .         Spirit   .     (no cloak)
SustAb .         Warding  .     (gloves unavailable)
rMut   .         Stasis   .     (boots unavailable)
Gourm  .                        (no amulet)
MR     .....                    (no ring)
                                o - ring of poison resistance

@: agile, slowed, very slow, not resistant to hostile enchantments, fairly
stealthy
A: unfitting armour, tough skin 1
a: no special abilities


You were on level 2 of the Dungeon.
You were not hungry.

You visited 1 branch of the dungeon, and saw 2 of its levels.

You collected 89 gold pieces.

Inventory:

Hand weapons
 p - a +0 whip (weapon)
Missiles
 b - 4 large rocks
 c - 2 throwing nets (quivered)
Armour
 d - a +0 animal skin (worn)
Comestibles
 f - 2 meat rations
 g - 2 bread rations
 n - 3 fruits
Scrolls
 k - 2 scrolls of identify {unknown}
 l - a scroll of blinking {unknown}
 m - a scroll of random uselessness {unknown}
 q - a scroll of recharging {unknown}
Jewellery
 o - a ring of poison resistance (left hand)
Potions
 e - a potion of might {unknown}
 h - a potion of restore abilities {unknown}
 i - a potion of mutation {unknown}
 r - a potion of resistance {unknown}
 s - a potion of haste {unknown}


   Skills:
 - Level 2.6 Fighting
 * Level 4.0 Maces & Flails
 + Level 5.1 Throwing
 - Level 1.7 Dodging
 - Level 0.7 Stealth


You had 3 spell levels left.
You didn't know any spells.

Dungeon Overview and Level Annotations

Branches:
Dungeon (2/15)

Altars:


Innate Abilities, Weirdness & Mutations

You are too large for most types of armour.
You have tough skin (AC +1).


Message History

The orc hits you but does no damage.
You feel yourself slow down. The gnoll hits you but does no damage.
You hit the gnoll.
The gnoll is almost dead.
The orc hits you with a dagger of chaos.
The orc freezes you. The gnoll closely misses you.
You hit the gnoll but do no damage.
The gnoll is almost dead.
The orc hits you with a dagger of chaos.
The orc burns you.
The gnoll hits you with a spear of chaos.
The orc misses you.
Drink which item? (? for menu, Esc to quit)
You feel agile all of a sudden.
The gnoll hits you with a spear of chaos.
The orc hits you but does no damage.
The gnoll hits you with a spear of chaos!
* * * LOW HITPOINT WARNING * * *
You are electrocuted!
You die...

#.....# . #####.##### ##⌠
##...... .# .≈ # #.......
..⌠≈#⌠ ..#≈ #.......
.#.≈.## ...#≈ #.......
?...#. ##..# #.......
.##..≈.##o#.### #.......
#≈..####@#...#####.......
#≈.≈g.#.##..#.......
##.######...#.......
#.....##...'.......
######....##...#.......
#....)........##.......
#.#.##....####.........
#.#.##....# #.........
#.#.##########...######


You could see a gnoll and an orc.

Vanquished Creatures
  Terence (D:2)
  A giant mite (D:2)
  2 giant geckos (D:2)
  3 giant cockroaches
  6 goblins
  7 hobgoblins
  3 jackals (D:1)
  3 kobolds (D:2)
  7 bats
  4 giant newts
  5 rats
42 creatures vanquished.

Notes
Turn   | Place    | Note
--------------------------------------------------------------
     0 | D:1      | Ololoev, the Ogre Hunter, began the quest for the Orb.
     0 | D:1      | Reached XP level 1. HP: 22/22 MP: 1/1
   236 | D:1      | Reached XP level 2. HP: 29/29 MP: 2/2
   824 | D:1      | Reached XP level 3. HP: 17/36 MP: 3/3
  1672 | D:2      | Reached skill level 5 in Throwing
  1991 | D:2      | Noticed Terence
  2024 | D:2      | Killed Terence
  2024 | D:2      | Reached XP level 4. HP: 4/44 MP: 4/4
  2322 | D:2      | Slain by a gnoll

Action                   |  1- 3 |  4- 6 || total
-------------------------+-------+-------++-------
Melee: Club              |   144 |       ||   144
       Whip              |    52 |    11 ||    63
Throw: Large rock        |     5 |       ||     5
       Throwing net      |     2 |       ||     2
  Use: Potion            |     1 |     1 ||     2
 Stab: Held in net/web   |     2 |       ||     2
  Eat: Chunk             |     4 |     1 ||     5
